 Dungeon Crawl Stone Soup version 0.27-a0-1180-g7fc4abc71e (webtiles) character file.

Game seed: 13931733237545755756

98 Froggeryz the Ruffian (level 4, 0/57 HPs)
             Began as a Demonspawn Chaos Knight on May 17, 2021.
             Was a Plaything of Xom.
             Killed from afar by Ijyb (4 damage)
             ... with a puff of flame
             ... on level 3 of the Dungeon.
             The game lasted 00:02:24 (2541 turns).

Froggeryz the Ruffian (Demonspawn Chaos Knight)     Turns: 2541, Time: 00:02:24

Health: 0/57       AC: 22    Str: 13    XL:     4   Next: 44%
Magic:  4/4        EV:  2    Int: 14    God:    Xom [.....*]
Gold:   93         SH:  0    Dex: 12    Spells: 3/3 levels left

rFire    . . .     SeeInvis .   f - +2 dagger (venom)
rCold    . . .     Faith    .   (no shield)
rNeg     + + +     Spirit   .   (armour currently unavailable)
rPois    +         Reflect  .   (helmet currently unavailable)
rElec    .         Harm     .   (cloak currently unavailable)
rCorr    .         Rampage  .   (gloves currently unavailable)
Will     .....     NoTele   +   (boots currently unavailable)
Stlth    +.........             (no amulet)
HPRegen  0.19/turn              (no ring)
MPRegen  0.09/turn              (no ring)

@: tree-form, hasted, very quick
A: stationary, stasis, torment immunity, boosted hp, (hooves 1), ignite blood 1,
(horns 1), (camouflage 1), (poison resistance), robust 1, wild magic 1,
evolution 1, MP-powered wands
a: Renounce Religion


You were on level 3 of the Dungeon.
You worshipped Xom.
You were Xom's teddy bear.
You were a tree.
You visited 1 branch of the dungeon, and saw 3 of its levels.

You collected 93 gold pieces.

Inventory:

Hand Weapons
 f - a +2 dagger of venom (weapon)
Armour
 a - a +2 leather armour (melded)
Scrolls
 c - a scroll of teleportation {unknown}
 d - a scroll of vulnerability {unknown}
 e - 2 scrolls of fog {unknown}
 j - a scroll of identify {unknown}


   Skills:
 - Level 3.0 Fighting
 + Level 2.2 Armour
 - Level 0.8 Dodging
 * Level 4.6 Unarmed Combat


You had 3 spell levels left.
You didn't know any spells.
Your spell library was empty.

Dungeon Overview and Level Annotations

Branches:
Dungeon (3/15)

Altars:
Hepliaklqana
The Shining One

Shops:
D:2 (

Annotations:
D:3 Ijyb


Innate Abilities, Weirdness & Mutations

You are a tree.
Your roots penetrate the ground, keeping you stationary.
You cannot be teleported.
You are immune to unholy pain and torment.
Your maximum health is greatly increased.
Your equipment is partially melded.
((You have large cloven feet.))
Your demonic aura sometimes causes spilled blood to erupt in flames.
((You have a pair of small horns on your head.))
((Your skin changes colour to match your surroundings (Stealth+).))
((Your system is resistant to poisons. (rPois)))
You are robust. (+10% HP)
Your spells are a little harder to cast, but a little more powerful.
You evolve.
You expend magic power (3 MP) to strengthen your wands.


Message History

Ijyb hits you with a +0 dagger.
You hit Ijyb but do no damage.
Ijyb is lightly wounded.
The adder barely misses you.
Ijyb zaps a wand.
The puff of flame hits you.
You hit Ijyb.
Ijyb looks as sick as possible!
Ijyb is lightly wounded.
The adder barely misses you. Ijyb closely misses you.
You hit Ijyb but do no damage.
Ijyb looks as sick as possible!
Ijyb is moderately wounded.
The adder bites you but does no damage.
Ijyb zaps a wand.
The puff of flame hits you.
You hit Ijyb but do no damage. You kick Ijyb, but do no damage.
Ijyb is heavily wounded.
The adder barely misses you. Ijyb barely misses you.
You barely miss Ijyb. Your kick misses Ijyb.
Ijyb is heavily wounded.
The adder bites you. x2; Ijyb zaps a wand.
The puff of flame hits you!
* * * LOW HITPOINT WARNING * * *
You closely miss Ijyb. You kick Ijyb, but do no damage.
Ijyb is heavily wounded.
The adder bites you but does no damage. Ijyb hits you but does no damage.
Unknown command.
It was a potion of magic.
Magic courses through your body.
Xom thinks this is hilarious!
The adder closely misses you. Ijyb hits you with a +0 dagger.
* * * LOW HITPOINT WARNING * * *
It was a potion of lignification.
You turn into a tree.
Your +2 leather armour melds into your body.
Your roots penetrate the ground.
The adder bites you but does no damage. x2
Ijyb zaps a wand.
The puff of flame hits you!
* * * LOW HITPOINT WARNING * * *
It was a potion of haste.
You feel yourself speed up.
Xom thinks this is hilarious!
The adder bites you but does no damage. Ijyb hits you but does no damage.
It was a potion of flight.
Your roots keep you in place.
The adder bites you but does no damage.
You hit the adder.
The adder is poisoned.
The adder is lightly wounded.
Ijyb zaps a wand.
The puff of flame hits you.
You die...

#.# #######..##.......
#.# ##.###'##### #.# #.#
#)# ##
#.###########.###.#####
.##
##.....................#
.[#
........#######.##.###.#
..# ##......# #..#.#...#
S.# ##......# ##.#.#.###
_.# ......S♣+ #.#.#.#
..# ##....g.# #.#.#.#
.## #......# #...#.# ##
#......# #.#.#.#
...###### #.#.#.### ...
#.#.#.... ### ..
#.#.#.... ..# #<..#....
...... ##..#†###


You could see Ijyb (very poisoned) and an adder (very poisoned).

Vanquished Creatures
  Natasha (D:3)
  2 adders
  4 ball pythons
  3 endoplasms
  3 giant cockroaches
  5 goblins
  4 hobgoblins
  6 jackals
  6 quokkas
  10 bats
  A frilled lizard (D:1)
  2 kobolds
  4 rats
51 creatures vanquished.

Notes
Turn   | Place    | Note
-------+----------+-------------------------------------------
     0 | D:1      | Froggeryz the Demonspawn Chaos Knight began the quest for
                  | the Orb.
     0 | D:1      | Reached XP level 1. HP: 18/18 MP: 1/1
    84 | D:1      | XOM: silly message
   126 | D:1      | XOM: butterfly on damage
   128 | D:1      | Reached skill level 3 in Unarmed Combat
   166 | D:1      | XOM: silly message
   324 | D:1      | Gained mutation: You have large cloven feet. [demonic
                  | ancestry]
   324 | D:1      | Reached XP level 2. HP: 23/24 MP: 2/2
   415 | D:1      | XOM: silly message
   544 | D:1      | XOM: divination: detect items
   823 | D:1      | Found a faded altar of an unknown god.
   833 | D:1      | Reached XP level 3. HP: 29/29 MP: 3/3
   960 | D:1      | XOM: cloud trail
  1015 | D:1      | XOM: give mutation
  1015 | D:1      | Gained mutation: Your spells are a little harder to cast,
                  | but a little more powerful. [Xom's grace]
  1086 | D:1      | XOM: give mutation
  1086 | D:1      | Gained mutation: Your skin changes colour to match your
                  | surroundings (Stealth+). [Xom's grace]
  1140 | D:1      | XOM: god gift: war axe {god gift}
  1324 | D:1      | XOM is BORED!
  1324 | D:1      | XOM: give mutations
  1324 | D:1      | Gained mutation: You expend magic power (3 MP) to
                  | strengthen your wands. [Xom's mischief]
  1324 | D:1      | Gained mutation: You are robust. (+10% HP) [Xom's mischief]
  1324 | D:1      | Lost mutation: You expend magic power (3 MP) to strengthen
                  | your wands. [Xom's mischief]
  1425 | D:2      | Reached skill level 4 in Unarmed Combat
  1721 | D:2      | XOM: give mutation
  1721 | D:2      | Gained mutation: You evolve. [Xom's grace]
  1886 | D:2      | Found Simariuxt's Weapon Shop.
  1990 | D:2      | XOM: give mutations
  1990 | D:2      | Gained mutation: You expend magic power (3 MP) to
                  | strengthen your wands. [Xom's grace]
  1990 | D:2      | Gained mutation: Your system is resistant to poisons.
                  | (rPois) [Xom's grace]
  1990 | D:2      | Gained mutation: You have a pair of small horns on your
                  | head. [Xom's grace]
  2325 | D:3      | Found a faded altar of an unknown god.
  2325 | D:3      | Found a faded altar of an unknown god.
  2325 | D:3      | Found a faded altar of an unknown god.
  2325 | D:3      | Found a hazy altar of Hepliaklqana.
  2325 | D:3      | XOM: 4-stop teleportation journey
  2339 | D:3      | Gained mutation: Your demonic aura sometimes causes spilled
                  | blood to erupt in flames. [demonic ancestry]
  2339 | D:3      | Reached XP level 4. HP: 38/38 MP: 4/4
  2417 | D:3      | Noticed Natasha
  2418 | D:3      | XOM: cleaving
  2424 | D:3      | Killed Natasha
  2521 | D:3      | Noticed Ijyb
  2541 | D:3      | Killed from afar by Ijyb

Illustrated notes

Levels and vault maps discovered:
D:1:      dpeg_arrival_simpleton_b, layout_loops_corners,
          ebering_ecumenical_altar_box, nrook_uturn
D:2:      layout_loops_ring, serial_shops, shop_fountains, columned_hall_lemuel
D:3:      layout_basic, nicolae_tso_besieged_by_evil,
          nicolae_hepliaklqana_ecumenical_no_more, uniq_ijyb, uniq_natasha

Skill      XL: |  1  2  3 |
---------------+----------+-----
Unarmed Combat | 3 4 |  4.6
Armour         | 2 |  2.2
Fighting       | |  3.0
Dodging        | |  0.8

Action                   |  1- 3 |  4- 6 || total
-------------------------+-------+-------++-------
Melee: Unarmed           |   113 |       ||   113
       Kick              |    23 |     5 ||    28
       Dagger            |    54 |    28 ||    82
       Headbutt          |     1 |     2 ||     3
  Use: Potion            |       |     4 ||     4
 Stab: Sleeping          |     2 |     1 ||     3
Armor: Leather armour    |    80 |     9 ||    89
       Skin              |       |     5 ||     5
Dodge: Dodged            |   106 |    18 ||   124

Table legend: (Time is in decaauts)
 A = Elapsed time spent in this place.
 B = Non-inter-level travel time spent in this place.
 C = Inter-level travel time spent in this place.
 D = Time resting spent in this place.
 E = Time spent auto-exploring this place.
 F = Levels seen in this place.
 G = Mean time per level.
                   A        B        C        D        E       F      G
               +--------+--------+--------+--------+--------+-----+--------+
         Total |   2550 |   2520 |     30 |    224 |   1904 |   3 |  850.0 |
       Dungeon |   2550 |   2520 |     30 |    224 |   1904 |   3 |  850.0 |
               +--------+--------+--------+--------+--------+-----+--------+

Top non-repeatable levels by time:
     D:1: 1381 daAuts
     D:2: 863 daAuts
     D:3: 305 daAuts
